 Dungeon Crawl Stone Soup version 0.30-a0-605-gb2882149bf (webtiles) character file.

Game seed: 3680144256073774598

27495 gelatine the Skirmisher (level 13, -2/103 HPs)
             Began as a Demonspawn Hunter on Jan 7, 2023.
             Was a High Priest of Qazlal.
             Succumbed to a black mamba's poison
             ... on level 1 of the Lair of Beasts.
             The game lasted 00:37:04 (13508 turns).

gelatine the Skirmisher (Demonspawn Hunter)        Turns: 13508, Time: 00:37:05

Health: -2/103     AC: 15    Str: 14    XL:     13   Next: 4%
Magic:  17/17      EV: 18    Int: 10    God:    Qazlal [*****.]
Gold:   1202       SH:  6    Dex: 26    Spells: 12/12 levels left

rFire   + + +      SeeInvis +    a - +1 shortbow (drain)
rCold   + . .      Faith    .    (shield currently unavailable)
rNeg    . . .      Spirit   .    z - +3 leather armour {rF+}
rPois   .          Reflect  .    x - +2 hat
rElec   .          Harm     .    k - scarf {rC+ rF+}
rCorr   +          Rampage  .    e - +2 pair of gloves
Will    .....                    d - +2 pair of boots {Fly}
Stlth   +++                      (no amulet)
HPRegen 1.37/turn                F - ring of see invisible
MPRegen 0.15/turn                J - ring of resist corrosion

@: lethally poisoned (-2 -> -11), protected from fire, flying, invisible
(expiring), repel missiles
A: horns 1, thin skeletal structure 3, icemail 1, powered by death 1,
condensation shield
a: Renounce Religion, Upheaval, Elemental Force, Disaster Area


You were on level 1 of the Lair of Beasts.
You worshipped Qazlal.
Qazlal was extremely pleased with you.
You visited 3 branches of the dungeon, and saw 13 of its levels.
You also visited: Sewer, Bailey and Ice Cave.

You collected 1202 gold pieces.

Inventory:

Hand Weapons
 a - a +1 shortbow of draining (weapon)
Missiles
 I - 4 boomerangs of dispersal
Armour
 d - a +2 pair of boots of flying (worn)
 e - a +2 pair of gloves (worn)
 j - a +0 chain mail of cold resistance
 k - a scarf of resistance (worn)
 n - a +0 cloak
 s - a +2 buckler of cold resistance
 w - a scarf of shadows
 x - a +2 hat (worn)
 z - a +3 leather armour of fire resistance (worn)
 D - a +2 scale mail of fire resistance
 M - a +2 chain mail of positive energy
 N - a +2 leather armour of willpower
 R - a +0 kite shield of cold resistance
 S - a +1 troll leather armour {Snorg}
Magical Staves
 O - a staff of cold
Jewellery
 c - a ring of willpower
 F - a ring of see invisible (left hand)
 J - a ring of resist corrosion (right hand)
Wands
 A - a wand of iceblast (2)
 G - a wand of mindburst (22)
 P - a wand of polymorph (2)
 Q - a wand of flame (18)
Scrolls
 b - 5 scrolls of immolation
 h - 2 scrolls of butterflies
 o - a scroll of torment
 q - 5 scrolls of magic mapping
 t - a scroll of noise {unknown}
 u - 2 scrolls of fear {unknown}
 v - 3 scrolls of enchant weapon
 y - a scroll of poison {unknown}
 B - a scroll of amnesia {unknown}
 C - a scroll of enchant armour
 L - 2 scrolls of fog
Potions
 f - a potion of flight
 g - a potion of invisibility
 l - a potion of magic
 m - a potion of brilliance
 p - a potion of lignification
 r - a potion of haste
 E - 2 potions of might
 H - a potion of berserk rage {unknown}
 K - a potion of mutation {unknown}
Miscellaneous
 i - a condenser vane (inert)


   Skills:
 * Level 9.8 Fighting
 * Level 14.8 Ranged Weapons
 * Level 6.7 Armour
 * Level 7.2 Dodging
 + Level 1.5 Stealth
 * Level 4.1 Shields
 + Level 0.1 Unarmed Combat
 * Level 6.0 Invocations


You had 12 spell levels left.
You didn't know any spells.
Your spell library contained the following spells:

 Spells                   Type           Power      Damage    Failure   Level
 Foxfire                  Conj/Fire      0%         2x1d4     43%         1
 Cigotuvi's Dreadful Rot  Necr/Pois/Air  0%         N/A       56%         2
 Ensorcelled Hibernation  Hex/Ice        0%         N/A       56%         2
 Dazzling Flash           Conj/Hex       0%         N/A       80%         3
 Ignite Poison            Fire/Tmut/Pois 0%         N/A       80%         3
 Kindle Blastsparks       Fire/Tloc/Air  0%         2d10      80%         3
 Leda's Liquefaction      Hex/Erth       0%         N/A       99%         4
 Summon Ice Beast         Ice/Summ       0%         N/A       99%         4
 Agony                    Necr           0%         N/A       100%        5
 Fireball                 Conj/Fire      0%         3d3       100%        5
 Freezing Cloud           Conj/Ice/Air   0%         6-21      100%        5
 Lee's Rapid Deconstruct  Erth           0%         3d4*      100%        5
 Silence                  Hex/Air        0%         N/A       100%        5
 Starburst                Conj/Fire      0%         6d3       100%        6
 Statue Form              Tmut/Erth      0%         N/A       100%        6
 Haunt                    Necr/Summ      0%         N/A       100%        7
 Ozocubu's Refrigeration  Ice            0%         4d7       100%        7
 Borgnjor's Revivificati  Necr           0%         N/A       100%        8


Dungeon Overview and Level Annotations

Branches:
Dungeon (10/15)            Temple (1/1) D:7            Lair (2/5) D:9
  Sewer (visited)          Bailey (visited)           IceCv (visited)
  Swamp: Lair:2-3    Shoals: Lair:2-3     Snake: Lair:2-3    Spider: Lair:2-3
    Orc: D:9-12

Altars:
Ashenzari
Cheibriados
Dithmenos
Fedhas
Gozag
Hepliaklqana
Kikubaaqudgha
Makhleb
Nemelex Xobeh
Okawaru
Qazlal
Ru
Sif Muna
Trog
Uskayaw
Vehumet
Wu Jian
Xom
Yredelemnul

Annotations:
D:10 3 runed translucent doors, Encipher's ghost, journeyman OpTm
Lair:1 Erica


Innate Abilities, Weirdness & Mutations

You have a pair of small horns on your head.
You have an unnaturally thin skeletal structure. (Dex +6, Stealth+++)
A meltable icy envelope protects you from harm. (AC +0)
You regenerate a little health from kills.
A meltable shield of frost defends you. (SH +0)


Message History

Erica screams, "Hurry, death AWAITS you!"
Erica mumbles some strange words.
Erica flickers and vanishes for a moment.
The black mamba bites you but does no damage.
The basilisk gazes at you.
You easily resist.
The wolf is engulfed in blazing flames.
The wolf bites you.
You feel more protected from physical attacks.
The black mamba bites you but does no damage. x2
Erica hits you with a +1 scimitar of flaming.
Your resistance to physical damage fades away.
You feel protected from fire.
The wolf is engulfed in blazing flames.
You kill the wolf!
Qazlal accepts your kill. The basilisk gazes at you.
You easily resist.
The black mamba bites you! The black mamba barely misses you.
The cane toad gives a loud, deep croak!
You turn to flesh and can move again.
You hear a bellow!
The black mamba bites you! The wolf completely misses you.
The cane toad misses you. Erica misses you. The black mamba bites you! x2
You are poisoned.
The black mamba poisons you! You block the wolf's attack.
The cane toad stings you!
* * * LOW HITPOINT WARNING * * *
There is a stone staircase leading up, spattered with blood here.
You see here a wolf corpse.
You flicker for a moment.
You feel very sick. The black mamba bites you!
* * * LOW HITPOINT WARNING * * *
The black mamba closely misses you. The wolf closely misses you.
Erica is struck by lightning.
Erica closely misses you. The cane toad stings you!
* * * LOW HITPOINT WARNING * * *
The black mamba barely misses you. The black mamba closely misses you.
The cane toad gives a loud, deep croak!
You fly upwards.
You die...

#......#.... #(.....##... ###
##......###..
#############.###.......# ##.
#.......................#####
##........................##.#
#.............................
##........(..F................
#...........h@@...............
##..........S.S...<.........รท.
##############.#.#...........
#####......).... #.......P###
#......### #......# #......#
##......#


You could see Erica (invisible, unable to see you), 2 black mambas, a cane toad
(unable to see you) and a wolf.

Vanquished Creatures
  Gastronok (Lair:1)
  Snorg (D:10)
  2 two-headed ogres
  Amaemon (D:8)
  Lodul (D:10)
  A sixfirhy (D:10)
  An orc knight (Bailey)
  A deep elf pyromancer (Bailey)
  A necromancer (IceCv)
  2 ugly things
  A gargoyle (D:7)
  An ice statue (IceCv)
  3 cane toads (Lair:1)
  An orange demon (D:8)
  A freezing wraith (IceCv)
  Psyche (D:10)
  2 kobold demonologists (D:10)
  An anaconda simulacrum (IceCv)
  14 ice devils
  3 trolls
  A hornet (D:10)
  A slime creature (D:9)
  A ynoxinul (D:10)
  3 wraiths
  3 shadows (D:10)
  22 yaks
  2 wyverns
  2 dire elephant simulacra (IceCv)
  A hog (D:10)
  A human (D:10)
  A steam dragon (D:9)
  A death yak simulacrum (IceCv)
  A vampire mosquito (D:7)
  3 harpy simulacra (IceCv)
  3 hydra simulacra (IceCv)
  5 water moccasins
  2 black bears (D:7)
  8 orc warriors
  9 ogres
  3 sky beasts (D:7)
  11 wolves
  A centaur (D:9)
  2 phantoms
  3 kobold brigands
  A necrophage (D:4)
  9 bullfrogs
  4 scorpions
  6 cane toad simulacra (IceCv)
  19 wights
  A killer bee (D:9)
  An elephant simulacrum (IceCv)
  4 hounds
  2 jellies (D:6)
  2 quasits (D:10)
  9 orc priests
  5 iguanas
  A spriggan simulacrum (IceCv)
  8 orc wizards
  7 polar bear simulacra (IceCv)
  2 troll simulacra (IceCv)
  5 wolf simulacra (IceCv)
  A gnoll (D:7)
  13 adders
  5 river rats (Sewer)
  2 shadow imps
  7 white imps
  2 dart slugs
  29 orcs
  16 ball pythons
  11 bats
  5 endoplasms
  6 giant cockroaches
  10 goblins
  6 hobgoblins
  4 jackals (D:4)
  7 quokkas
  17 kobolds
  31 rats
388 creatures vanquished.

Vanquished Creatures (others)
  A bullfrog (D:7)
  An orc priest (D:7)
  An orc (D:7)
  3 demonic plants (D:10)
  2 fungi (Lair:1)
  2 plants (Lair:1)
10 creatures vanquished.

Grand Total: 398 creatures vanquished

Notes
Turn   | Place    | Note
-------+----------+-------------------------------------------
     0 | D:1      | gelatine the Demonspawn Hunter began the quest for the Orb.
     0 | D:1      | Reached XP level 1. HP: 16/16 MP: 1/1
   200 | D:1      | Gained mutation: You regenerate a little health from kills.
                  | [demonic ancestry]
   200 | D:1      | Reached XP level 2. HP: 22/22 MP: 2/2
   537 | D:1      | Reached skill level 4 in Ranged Weapons
   981 | D:2      | Gained mutation: You have a somewhat thin skeletal
                  | structure. (Dex +2, Stealth+) [demonic ancestry]
   981 | D:2      | Reached XP level 3. HP: 27/27 MP: 3/3
  1297 | D:2      | Found the +7 Throatcutter {drain, coup de grace}
  1672 | D:3      | Reached XP level 4. HP: 33/33 MP: 4/4
  1883 | D:3      | Noticed an orc warrior
  1890 | D:3      | HP: 1/33 [orc warrior/+0 flail (16)]
  2110 | D:3      | Reached skill level 1 in Armour
  2642 | D:4      | Reached skill level 5 in Ranged Weapons
  2644 | D:3      | Identified a scroll of acquirement
  2646 | D:3      | Acquired a +2 pair of boots of flying
  2774 | D:4      | Gained mutation: You have a moderately thin skeletal
                  | structure. (Dex +4, Stealth++) [demonic ancestry]
  2774 | D:4      | Reached XP level 5. HP: 39/39 MP: 5/5
  3397 | D:5      | Entered Level 5 of the Dungeon
  3428 | D:5      | Found a glowing drain.
  3448 | Sewer    | Entered a sewer
  3525 | Sewer    | Reached XP level 6. HP: 46/46 MP: 6/6
  3674 | Sewer    | Reached skill level 6 in Ranged Weapons
  3844 | D:5      | Found an iron altar of Okawaru.
  3864 | D:5      | Gained mutation: You have a pair of small horns on your
                  | head. [demonic ancestry]
  3864 | D:5      | Reached XP level 7. HP: 42/52 MP: 7/7
  4070 | D:5      | Reached skill level 7 in Ranged Weapons
  4121 | D:5      | Reached skill level 1 in Stealth
  4203 | D:5      | Found a shadowy altar of Dithmenos.
  4203 | D:5      | Found a bloodstained altar of Trog.
  4204 | D:5      | Found a sacrificial altar of Ru.
  4593 | D:6      | Reached XP level 8. HP: 60/60 MP: 8/8
  5373 | D:7      | Reached skill level 8 in Ranged Weapons
  5413 | D:7      | Reached skill level 5 in Fighting
  5550 | D:7      | Found a staircase to the Ecumenical Temple.
  5589 | Temple   | Entered the Ecumenical Temple
  5637 | Temple   | Became a worshipper of Qazlal Stormbringer
  5849 | D:7      | Reached skill level 9 in Ranged Weapons
  5849 | D:7      | Reached XP level 9. HP: 68/68 MP: 9/9
  6147 | D:7      | Noticed a gargoyle
  6165 | D:7      | Killed a gargoyle
  6166 | D:7      | Reached skill level 10 in Ranged Weapons
  6215 | D:7      | Reached * piety under Qazlal
  6247 | D:7      | Noticed a red ugly thing
  6261 | D:7      | Killed a red ugly thing
  6262 | D:7      | Gained mutation: A meltable shield of frost defends you.
                  | (SH +0) [demonic ancestry]
  6262 | D:7      | Reached XP level 10. HP: 30/77 MP: 10/10
  6592 | D:8      | Noticed a two-headed ogre
  6599 | D:8      | Killed a two-headed ogre
  6600 | D:8      | Reached skill level 11 in Ranged Weapons
  6600 | D:8      | Reached skill level 5 in Dodging
  7437 | D:8      | Found a snail-covered altar of Cheibriados.
  7444 | D:8      | Reached ** piety under Qazlal
  7509 | D:8      | Noticed an orange demon
  7511 | D:8      | Noticed Amaemon
  7529 | D:8      | Killed an orange demon
  7539 | D:8      | Killed Amaemon
  7540 | D:8      | Reached skill level 1 in Invocations
  7819 | D:9      | Reached skill level 1 in Shields
  7829 | D:9      | Found a flagged portal.
  7843 | Bailey   | Entered a bailey
  7899 | Bailey   | Noticed an orc knight
  7911 | Bailey   | Killed an orc knight
  7912 | Bailey   | Reached skill level 12 in Ranged Weapons
  7912 | Bailey   | Reached skill level 5 in Armour
  7984 | Bailey   | Found a large runed translucent door.
  7984 | Bailey   | Found a large runed translucent door.
  8004 | Bailey   | Noticed a deep elf pyromancer
  8040 | Bailey   | Killed a deep elf pyromancer
  8041 | Bailey   | Gained mutation: A meltable icy envelope protects you from
                  | harm. (AC +0) [demonic ancestry]
  8041 | Bailey   | Reached XP level 11. HP: 82/84 MP: 12/12
  8581 | D:9      | Found a staircase to the Lair.
  8752 | D:9      | Found a hide-covered altar of Uskayaw.
  8760 | D:9      | Found a burning altar of Makhleb.
  9024 | D:9      | Reached *** piety under Qazlal
  9129 | D:10     | Entered Level 10 of the Dungeon
  9135 | D:10     | Noticed Psyche
  9163 | D:10     | Killed Psyche
  9202 | D:10     | Noticed a sixfirhy
  9214 | D:10     | Noticed a two-headed ogre
  9233 | D:10     | Killed a two-headed ogre
  9234 | D:10     | Reached skill level 13 in Ranged Weapons
  9237 | D:10     | Killed a sixfirhy
  9490 | D:10     | Noticed Snorg
  9511 | D:10     | Killed Snorg
  9712 | D:10     | Noticed a two-headed ogre
  9713 | D:10     | Found a runed translucent gate.
  9715 | D:10     | Found a runed translucent gate.
  9716 | D:10     | Found a runed translucent gate.
  9717 | D:10     | Noticed Encipher's ghost (journeyman OpTm)
  9840 | D:10     | Noticed Lodul
  9856 | D:10     | Killed Lodul
  9857 | D:10     | Reached XP level 12. HP: 82/94 MP: 15/15
  9886 | D:10     | Reached **** piety under Qazlal
 10228 | Lair:1   | Entered Level 1 of the Lair of Beasts
 10231 | Lair:1   | Noticed Gastronok
 10244 | Lair:1   | Found a frozen archway.
 10290 | IceCv    | Entered an ice cave
 10944 | IceCv    | Reached skill level 14 in Ranged Weapons
 11048 | IceCv    | Reached skill level 5 in Invocations
 12330 | IceCv    | Reached ***** piety under Qazlal
 12378 | IceCv    | Found an ancient bone altar of Kikubaaqudgha.
 12745 | IceCv    | Got the Folio of Postmortem Frost
 13026 | Lair:1   | Killed Gastronok
 13036 | Lair:1   | Gained mutation: You have an unnaturally thin skeletal
                  | structure. (Dex +6, Stealth+++) [demonic ancestry]
 13036 | Lair:1   | Reached XP level 13. HP: 97/102 MP: 17/17
 13423 | Lair:2   | Noticed Erica
 13507 | Lair:2   | HP: 2/103 [cane toad (14)]
 13508 | Lair:1   | Succumbed to a black mamba's poison

Illustrated notes

Levels and vault maps discovered:
D:1:      ebering_trefoil_twist, layout_loops_cross, chequers_garden
D:2:      layout_loops_corners, minmay_tromino_v4_c
D:3:      minmay_angry_zag, layout_basic, kennysheep_decorative_pillar
D:4:      layout_gridville
D:5:      layout_loops_ring, gammafunk_temple_overflow_claw, lemuel_tele_altar,
          gup_sewer_entry_pipe, serial_bayou_crossing
D:6:      layout_cave_pods
D:7:      minmay_the_grid_octo_tiled_squarecenter
          [minmay_the_grid_octo_odd_swirl, minmay_the_grid_octo_clover_2,
          minmay_the_grid_octo_concentric, minmay_the_grid_octo_thin_diamonds,
          minmay_the_grid_square_5x5_megaprize_hollow,
          minmay_the_grid_square_5x5_seven, minmay_the_grid_square_5x5_comb,
          minmay_the_grid_square_5x5_minibox,
          minmay_the_grid_square_5x5_minivault], layout_basic, temple_hall,
          lemuel_flamethrower_2
D:8:      layout_loops_corners, kennysheep_slug_shrine, uniq_amaemon
D:9:      minmay_skewed_foursquare, layout_long_grid,
          mainiacjoe_overflow_large_starburst, lair_entry_dummy, enter_bailey_2
D:10:     layout_roguey, gammafunk_ghost_split, serial_demonic,
          serial_demonic_g, serial_demonic_g, serial_demonic_c,
          serial_demonic_a, grunt_livestock, uniq_snorg, uniq_lodul, uniq_psyche
Temple:   nicolae_temple_bog_church
Lair:1:   layout_big_grid, portal_ice_cave_demonic_guard, enter_volcano_2,
          lemuel_fruit_tree, uniq_gastronok
Lair:2:   minmay_guarded_unrand_snakebite, layout_regular_city,
          serial_bayou_lake_a, grunt_megastairs_5, uniq_erica

Skill      XL: |  1  2  3  4  5  6  7  8  9 10 11 12 13 |
---------------+----------------------------------------+-----
Ranged Weapons | 4 5 6 7 9 10 12 13 14 | 14.8
Dodging        | 2 3 4 5 6 7 |  7.2
Armour         | 1 2 3 4 5 6 |  6.7
Fighting       | 3 4 5 6 7 8 9 |  9.8
Stealth        | 1 |  1.5
Invocations    | 2 4 5 6 |  6.0
Shields        | 1 2 4 |  4.1
Unarmed Combat | |  0.1

Action                   |  1- 3 |  4- 6 |  7- 9 | 10-12 | 13-15 || total
-------------------------+-------+-------+-------+-------+-------++-------
Melee: Unarmed           |       |       |       |     8 |       ||     8
 Fire: Shortbow          |   107 |   216 |   273 |  1160 |    34 ||  1790
Invok: Upheaval          |       |       |       |     3 |       ||     3
Evoke: Condenser vane    |       |       |       |     1 |       ||     1
  Use: Potion            |     4 |       |     1 |     9 |     1 ||    15
       Scroll            |       |     7 |     5 |    11 |     1 ||    24
Armor: Leather armour    |    19 |    72 |    45 |   216 |    39 ||   391
       Skin              |       |       |       |     2 |       ||     2
Dodge: Dodged            |    43 |   101 |    92 |   468 |    23 ||   727
       Repelled          |       |       |       |     2 |       ||     2
Block: Other             |       |       |       |   287 |    17 ||   304

Table legend: (Time is in decaauts)
 A = Elapsed time spent in this place.
 B = Non-inter-level travel time spent in this place.
 C = Inter-level travel time spent in this place.
 D = Time resting spent in this place.
 E = Time spent auto-exploring this place.
 F = Levels seen in this place.
 G = Mean time per level.
                   A        B        C        D        E       F      G
               +--------+--------+--------+--------+--------+-----+--------+
         Total |  13488 |  12662 |    826 |      0 |   9677 |  16 |  843.0 |
       Dungeon |   9596 |   8854 |    742 |      0 |   7071 |  10 |  959.6 |
        Temple |    174 |    148 |     26 |      0 |    119 |   1 |  174.0 |
          Lair |    702 |    644 |     58 |      0 |    454 |   2 |  351.0 |
         Sewer |    281 |    281 |      0 |      0 |    124 |   1 |  281.0 |
        Bailey |    257 |    257 |      0 |      0 |     30 |   1 |  257.0 |
      Ice Cave |   2476 |   2476 |      0 |      0 |   1879 |   1 | 2476.0 |
               +--------+--------+--------+--------+--------+-----+--------+

Top non-repeatable levels by time:
   IceCv: 2476 daAuts
     D:3: 1230 daAuts
     D:8: 1199 daAuts
     D:7: 1168 daAuts
     D:9: 1141 daAuts
    D:10: 1000 daAuts
     D:2: 941 daAuts
     D:5: 893 daAuts
     D:6: 734 daAuts
  Lair:1: 675 daAuts
     D:4: 672 daAuts
     D:1: 613 daAuts
   Sewer: 281 daAuts
  Bailey: 257 daAuts
  Temple: 174 daAuts
